 Dungeon Crawl Stone Soup version 0.25-a0-474-ga8a2ee3166 (webtiles) character file.

Game seed: 10661551693928871815, levelgen mode: deterministic

64 ChaosChampion the Changer (level 4, 0/28 HPs)
             Began as an Octopode Transmuter on Feb 6, 2020.
             Succumbed to an adder's poison
             ... on level 2 of the Dungeon.
             The game lasted 00:02:34 (1093 turns).

ChaosChampion the Changer (Octopode Transmuter)     Turns: 1093, Time: 00:02:34

Health: 0/28       AC:  1    Str:  9    XL:     4   Next: 12%
Magic:  3/8        EV: 13    Int: 21    God:
Gold:   51         SH:  0    Dex: 12    Spells: 2/8 levels left

rFire    . . .     SeeInvis .     - Unarmed
rCold    . . .     Gourm    .   (no shield)
rNeg     . . .     Faith    .   (helmet restricted)
rPois    .         Spirit   .   (no amulet)
rElec    .         Reflect  .   (no ring)
rCorr    .         Harm     .   (no ring)
MR       .....                  (no ring)
Stlth    ++........             (no ring)
HPRegen  0.09/turn              (no ring)
MPRegen  0.11/turn              (no ring)
                                (no ring)
                                (no ring)

@: brilliant, lethally poisoned (0 -> -19), very slightly contaminated
A: almost no armour, stealthy swim, amphibious, 8 rings, constrict 8, camouflage
1, gelatinous body 1
a: no special abilities


You were on level 2 of the Dungeon.
You were very hungry.

You visited 1 branch of the dungeon, and saw 2 of its levels.

You collected 51 gold pieces.

Inventory:

Missiles
 a - 10 arrows
 d - 3 datura-tipped darts (quivered)
Jewellery
 e - a cursed ring of teleportation {unknown}
Potions
 f - a potion of degeneration {unknown}
 g - a potion of curing {unknown}
 h - a potion of haste {unknown}
Comestibles
 c - 2 rations


   Skills:
 - Level 1.0 Fighting
 - Level 2.0 Dodging
 - Level 3.0 Unarmed Combat
 + Level 2.7 Spellcasting
 * Level 3.6 Transmutations


You had 2 spell levels left.
You knew the following spells:

 Your Spells              Type           Power        Failure   Level  Hunger
a - Beastly Appendage     Tmut           ####..       1%          1    None
b - Sticks to Snakes      Tmut           ####....     1%          2    ##.....
c - Spider Form           Tmut/Pois      ###.......   2%          3    ###....

Your spell library contained the following spells:

 Spells                   Type           Power        Failure   Level  Hunger
 Ice Form                 Ice/Tmut       ###.....     8%          4    ####...
 Blade Hands              Tmut           ####......   10%         5    ######.


Dungeon Overview and Level Annotations

Branches:
Dungeon (2/15)

Altars:
Ashenzari


Innate Abilities, Weirdness & Mutations

You cannot wear most types of armour.
You are very stealthy in the water. (Stealth+)
You are amphibious.
You can wear up to eight rings at the same time.
You can use your tentacles to constrict eight enemies at once.
Your skin changes colour to match your surroundings (Stealth+).
Your rubbery body absorbs attacks. (AC +1, EV +1)


Message History

You are too injured to fight recklessly!
You are too injured to fight recklessly!
You are too injured to fight recklessly!
You are too injured to fight recklessly!
Unknown command.
You barely miss the adder.
The adder is moderately wounded.
You feel sick. The adder bites you.
* * * LOW HITPOINT WARNING * * *
You are more poisoned.
The adder poisons you!
* * * LOW HITPOINT WARNING * * *
You feel sick.
* * * LOW HITPOINT WARNING * * *
You feel sick.
* * * LOW HITPOINT WARNING * * *
You feel sick. The adder completely misses you.
It was a potion of brilliance.
You feel clever all of a sudden.
Your transformation has ended.
You die...

.. ...#.†...##.# #
#?##..####..##.############
..$.(.# #§..#§#......†....
#.g.... #§§§.§..##########
#...... #..§§.§.##########
#.....Z###§§§§§............
#..$Zgw.##§§§...###########
#†##§§§.(§# #.##@###.##
#.lS.# #.# ##.### #.#
#........ .... ...####.#
#### ....# .# #.. #....#
#.. #PP..# #.. #)..## ##.


You could see an adder and a leopard gecko.

Vanquished Creatures
  2 adders (D:2)
  An ooze (D:1)
  A worm (D:2)
  A dart slug (D:2)
  4 bat skeletons (D:2)
  A bat zombie (D:2)
  A giant cockroach (D:1)
  2 goblins
  2 hobgoblins (D:1)
  5 jackals
  A ball python zombie (D:2)
  5 bats
  A frilled lizard (D:1)
  A giant cockroach zombie (D:2)
  4 kobolds
  A leopard gecko zombie (D:2)
  A quokka skeleton (D:2)
  4 rats
38 creatures vanquished.

Notes
Turn   | Place    | Note
-------+----------+-------------------------------------------
     0 | D:1      | ChaosChampion the Octopode Transmuter began the quest for
                  | the Orb.
     0 | D:1      | Reached XP level 1. HP: 13/13 MP: 3/3
   126 | D:1      | Reached XP level 2. HP: 15/18 MP: 5/5
   130 | D:1      | Learned a level 2 spell: Sticks to Snakes
   659 | D:2      | Reached XP level 3. HP: 23/23 MP: 4/6
   993 | D:2      | Found a shattered altar of Ashenzari.
  1028 | D:2      | Learned a level 3 spell: Spider Form
  1059 | D:2      | Reached XP level 4. HP: 19/28 MP: 5/8
  1093 | D:2      | Succumbed to an adder's poison

Levels and vault maps discovered:
D:1:      minmay_arrival_hallway, layout_loops_ring
D:2:      minmay_kobold_bridge, layout_basic, ashenzari_altar_1, serial_undead,
          serial_undead_b, serial_undead_a, serial_undead_d, serial_undead_a,
          serial_undead_a, serial_undead_e, serial_undead_a,
          uniq_crazy_yiuf_cottage

Skill      XL: |  1  2 |
---------------+-------+-----
Transmutations | 3 |  3.6
Fighting       | |  1.0
Dodging        | |  2.0
Unarmed Combat | |  3.0
Spellcasting   | |  2.7

Action                   |  1- 3 |  4- 6 || total
-------------------------+-------+-------++-------
Melee: Unarmed           |    66 |     9 ||    75
       Constrict         |    22 |       ||    22
       Tentacles         |    14 |       ||    14
       Kick              |    13 |       ||    13
       Punch             |     1 |       ||     1
 Cast: Beastly Appendage |    10 |       ||    10
       Sticks to Snakes  |     2 |       ||     2
       Spider Form       |     1 |     1 ||     2
  Use: Potion            |       |     1 ||     1
 Stab: Sleeping          |     5 |       ||     5
Armor: Skin              |    14 |       ||    14
Dodge: Dodged            |    51 |     6 ||    57

Table legend:
 A = Non-vault XP
 B = Vault XP
 C = Vault XP percentage of total XP
 D = Non-vault monster count
 E = Vault monster count
 F = Vault count percentage of total count
                 A         B        C        D         E       F
            +---------+---------+-------+---------+---------+-------
      Total |      78 |      14 |  15.2 |      29 |       9 |  23.7
            +---------+---------+-------+---------+---------+-------
        D:1 |      30 |       0 |   0.0 |      16 |       0 |   0.0
        D:2 |      48 |      14 |  22.6 |      13 |       9 |  40.9
            +---------+---------+-------+---------+---------+-------
